[Event "HUN-ch Rapid 2019"]
[Site "Ajka"]
[Date "2019.07.19"]
[Round "4.19"]
[White "Gaal, Ede"]
[Black "Jakab, Attila"]
[Result "0-1"]
[ECO "B27"]
[WhiteElo "2042"]
[BlackElo "2377"]
[Annotator "NA"]
[PlyCount "65"]
[EventDate "2019.07.18"]
[EventType "swiss"]
[EventCountry "HUN"]
[SourceTitle "playchess.com"]
[Source "ChessBase"]
[SourceQuality "1"]
[TimeControl "1200+5"]

1. e4 c5 2. Nf3 g6 3. Nc3 Bg7 4. h4 h6 5. h5 g5 6. d4 Qa5 7. Bd2 cxd4 8. Nd5 Qd8 9. Bb4 Nc6 10. Ba3 e6 11. c3 exd5 12. exd5 dxc3 13. dxc6 cxb2 14. Qe2+ Ne7 15. Bxb2 Qa5+ 16. Qd2 Qxd2+ 17. Nxd2 Bxb2 18. Rb1 bxc6 19. Rxb2 d5 20. Bd3 Kd8 21. f3 c5 22. Kf2 Be6 23. Rb5 c4 24. Bc2 Kc7 25. Rc1 Rhb8 26. Rc5+ Kd6 27. Ra5 Rb2 28. Ke3 Nc6 29. Ra6 Rb6 30. Ra4 Ke7 31. Re1 Rb2 32. Ra6 d4+ 33. Ke4 0-1

[Event "HUN-ch Rapid 2019"]
[Site "Ajka"]
[Date "2019.07.19"]
[Round "4.20"]
[White "Popovics, Adam"]
[Black "Bognar, Csaba"]
[Result "1-0"]
[ECO "E77"]
[WhiteElo "2365"]
[BlackElo "2166"]
[Annotator "NA"]
[PlyCount "82"]
[EventDate "2019.07.18"]
[EventType "swiss"]
[EventCountry "HUN"]
[SourceTitle "playchess.com"]
[Source "ChessBase"]
[SourceQuality "1"]
[TimeControl "1200+5"]

1. d4 Nf6 2. c4 g6 3. Nc3 Bg7 4. e4 d6 5. f4 O-O 6. Nf3 c5 7. d5 e6 8. dxe6 Bxe6 9. Bd3 Nc6 10. f5 Bd7 11. O-O Ne5 12. Bg5 h6 13. Bh4 g5 14. Bg3 Qe7 15. h4 g4 16. Nxe5 dxe5 17. Nd5 Nxd5 18. cxd5 h5 19. Qd2 f6 20. d6 Qd8 21. Rac1 b6 22. b4 Kh7 23. Bf2 Bh6 24. Be3 Bxe3+ 25. Qxe3 cxb4 26. Rc7 Rf7 27. Bc4 Rg7 28. Bd5 Bb5 29. Rfc1 Bd7 30. Bxa8 Qxa8 31. R1c4 b5 32. Rxb4 a5 33. Rb2 Qa6 34. Qc5 b4 35. Rd2 Qa8 36. Rd5 Qa6 37. Rd2 Qa8 38. Re2 Qa6 39. Re3 Qa8 40. Ra7 Qg8 41. Qxa5 Qc4 1-0

[Event "HUN-ch Rapid 2019"]
[Site "Ajka"]
[Date "2019.07.20"]
[Round "5.7"]
[White "Horvath, Peter"]
[Black "Emodi, Barnabas"]
[Result "1-0"]
[ECO "A46"]
[WhiteElo "2418"]
[BlackElo "2365"]
[Annotator "NA"]
[PlyCount "76"]
[EventDate "2019.07.18"]
[EventType "swiss"]
[EventCountry "HUN"]
[SourceTitle "playchess.com"]
[Source "ChessBase"]
[SourceQuality "1"]
[TimeControl "1200+5"]

1. d4 Nf6 2. Nf3 e6 3. Bg5 c5 4. e3 Qb6 5. Qc1 Ne4 6. Bh4 d5 7. c3 Nc6 8. Bd3 f5 9. O-O Bd6 10. Bg3 Bxg3 11. hxg3 O-O 12. Nbd2 Bd7 13. Rb1 Rac8 14. Qd1 Be8 15. Bc2 Bh5 16. Ba4 Qa6 17. Bxc6 bxc6 18. Qc2 Nxd2 19. Qxd2 Bxf3 20. gxf3 Qb6 21. b4 c4 22. a4 Rf7 23. Kg2 Rb7 24. e4 fxe4 25. fxe4 Qd8 26. Rbe1 a5 27. bxa5 Qxa5 28. Re3 Qxa4 29. exd5 exd5 30. Rfe1 Rf8 31. Re8 Rbf7 32. Rxf8+ Rxf8 33. Re7 Rf7 34. Re8+ Rf8 35. Qe3 Qa7 36. Re7 Qa2 37. Qe6+ Kh8 38. Qf7 Qa3 1-0

[Event "HUN-ch Rapid 2019"]
[Site "Ajka"]
[Date "2019.07.20"]
[Round "5.11"]
[White "Videki, Sandor"]
[Black "Akots, Gabor"]
[Result "1-0"]
[ECO "A25"]
[WhiteElo "2401"]
[BlackElo "2238"]
[Annotator "NA"]
[PlyCount "56"]
[EventDate "2019.07.18"]
[EventType "swiss"]
[EventCountry "HUN"]
[SourceTitle "playchess.com"]
[Source "ChessBase"]
[SourceQuality "1"]
[TimeControl "1200+5"]

1. c4 e5 2. Nc3 Nc6 3. g3 Bc5 4. Bg2 d6 5. e3 a6 6. Nge2 Ba7 7. O-O h5 8. d4 h4 9. b4 hxg3 10. fxg3 Bg4 11. c5 Nf6 12. Nd5 Nxd5 13. Bxd5 f5 14. Rf2 Qd7 15. Qb3 Nd8 16. dxe5 dxc5 17. Ba3 c6 18. Bg2 Qe6 19. bxc5 Qxb3 20. axb3 Ne6 21. b4 Bxe2 22. Rxe2 a5 23. Rc1 axb4 24. Bxb4 O-O 25. Rd2 Bb8 26. Rd7 Bxe5 27. Rxb7 Ra4 28. Bxc6 Kh7 1-0

[Event "HUN-ch Rapid 2019"]
[Site "Ajka"]
[Date "2019.07.20"]
[Round "5.12"]
[White "Sardy, Peter"]
[Black "Farago, Ivan"]
[Result "0-1"]
[ECO "A13"]
[WhiteElo "2353"]
[BlackElo "2350"]
[Annotator "NA"]
[PlyCount "64"]
[EventDate "2019.07.18"]
[EventType "swiss"]
[EventCountry "HUN"]
[SourceTitle "playchess.com"]
[Source "ChessBase"]
[SourceQuality "1"]
[TimeControl "1200+5"]

1. Nf3 Nf6 2. c4 e6 3. g3 d5 4. Bg2 dxc4 5. Na3 Bxa3 6. bxa3 Nc6 7. O-O O-O 8. Bb2 Re8 9. Rc1 e5 10. Rxc4 Qd6 11. Qc1 Bd7 12. d3 h6 13. Nd2 Rad8 14. Nb3 Be6 15. Rh4 Bd5 16. Nc5 Bxg2 17. Kxg2 Nd4 18. Re1 b6 19. Ne4 Nxe4 20. dxe4 c5 21. f4 exf4 22. Rxf4 Rxe4 23. Rxe4 Qc6 24. Qf4 Re8 25. Bxd4 Rxe4 26. Qf3 cxd4 27. Kf1 Qe6 28. Rd1 Re3 29. Qa8+ Kh7 30. Rxd4 Rxe2 31. Qf3 Rxh2 32. Re4 Qd5 0-1

[Event "HUN-ch Rapid 2019"]
[Site "Ajka"]
[Date "2019.07.20"]
[Round "5.14"]
[White "Finszter, Mate"]
[Black "Popovics, Adam"]
[Result "0-1"]
[ECO "A06"]
[WhiteElo "2276"]
[BlackElo "2365"]
[Annotator "NA"]
[PlyCount "108"]
[EventDate "2019.07.18"]
[EventType "swiss"]
[EventCountry "HUN"]
[SourceTitle "playchess.com"]
[Source "ChessBase"]
[SourceQuality "1"]
[TimeControl "1200+5"]

1. Nf3 g6 2. g3 Bg7 3. Bg2 e5 4. O-O d5 5. d3 Ne7 6. c4 dxc4 7. dxc4 O-O 8. Nc3 c6 9. Bg5 f6 10. Bd2 Be6 11. b3 h6 12. Qc2 f5 13. Rad1 Qc7 14. Bc1 Rf7 15. Ba3 Qa5 16. Bb2 Nd7 17. Rd6 Nf8 18. Rfd1 Re8 19. Na4 Nc8 20. R6d2 f4 21. gxf4 exf4 22. Nd4 Bg4 23. Nf3 Qh5 24. Rd8 Rxd8 25. Rxd8 Bxf3 26. exf3 Bxb2 27. Qxb2 Qf5 28. Nc3 Ne7 29. Ne4 Kh7 30. Nd6 Qf6 31. Qc1 g5 32. Nxf7 Qxf7 33. Bh3 Nfg6 34. Qc2 h5 35. Rd7 Kh6 36. Qe4 Qf6 37. Qe1 Ne5 38. Qd1 Nxd7 39. Qxd7 Ng6 40. Qd1 Nh4 41. Bg2 Qe6 42. h3 Kg6 43. Qd3+ Nf5 44. Qd2 Qe5 45. Kh2 Nd4 46. Qd3+ Kh6 47. Qd2 b6 48. Qd3 g4 49. hxg4 hxg4 50. Qd1 Ne2 51. fxg4 f3+ 52. Kh3 Nf4+ 53. Kg3 fxg2 54. Qg1 Ne2+ 0-1

[Event "HUN-ch Rapid 2019"]
[Site "Ajka"]
[Date "2019.07.20"]
[Round "5.15"]
[White "Dankhazi, Andras"]
[Black "Hardicsay, Peter"]
[Result "1/2-1/2"]
[ECO "D71"]
[WhiteElo "2277"]
[BlackElo "2185"]
[Annotator "NA"]
[PlyCount "72"]
[EventDate "2019.07.18"]
[EventType "swiss"]
[EventCountry "HUN"]
[SourceTitle "playchess.com"]
[Source "ChessBase"]
[SourceQuality "1"]
[TimeControl "1200+5"]

1. d4 Nf6 2. c4 g6 3. g3 d5 4. cxd5 c6 5. Bg2 cxd5 6. Nc3 Bg7 7. Nf3 O-O 8. Ne5 Nc6 9. Nxc6 bxc6 10. O-O e5 11. dxe5 Ng4 12. Na4 Nxe5 13. Be3 Re8 14. Bd4 Bf5 15. Nc5 Qe7 16. b3 h5 17. Qd2 Rad8 18. Rac1 Kh7 19. Qb2 f6 20. Rfe1 Qf7 21. Rcd1 Rb8 22. Qc3 Rbc8 23. e4 dxe4 24. Nxe4 Bxe4 25. Bxe4 c5 26. Bxe5 Rxe5 27. Bd3 Rce8 28. Bc4 Rxe1+ 29. Rxe1 Rxe1+ 30. Qxe1 Qd7 31. Qe4 f5 32. Qa8 Kh6 33. Kg2 Qe7 34. h4 f4 35. Qf3 fxg3 36. fxg3 Qe5 1/2-1/2

[Event "HUN-ch Rapid 2019"]
[Site "Ajka"]
[Date "2019.07.20"]
[Round "5.18"]
[White "Horvath, Tamas"]
[Black "Gaal, Zsoka"]
[Result "1-0"]
[ECO "B40"]
[WhiteElo "2306"]
[BlackElo "2047"]
[Annotator "NA"]
[PlyCount "81"]
[EventDate "2019.07.18"]
[EventType "swiss"]
[EventCountry "HUN"]
[SourceTitle "playchess.com"]
[Source "ChessBase"]
[SourceQuality "1"]
[TimeControl "1200+5"]

1. e4 c5 2. Nf3 e6 3. d3 d5 4. Nbd2 Nc6 5. g3 Bd6 6. Bg2 Nge7 7. O-O O-O 8. Qe2 b5 9. Re1 Bb7 10. h4 c4 11. e5 Bc5 12. c3 Nf5 13. d4 Be7 14. Nf1 b4 15. Bg5 a5 16. Bh3 Bxg5 17. hxg5 Nfe7 18. Ne3 a4 19. a3 bxc3 20. bxc3 Na5 21. Kg2 Nb3 22. Ra2 Ng6 23. Rh1 Qe7 24. Ng4 Rfb8 25. Qe3 Kf8 26. Nf6 gxf6 27. gxf6 Qc7 28. Qh6+ Ke8 29. Qxh7 Nf8 30. Qg8 Kd7 31. Qxf7+ Kc6 32. Bxe6 Qxf7 33. Bxf7 Kd7 34. Ng5 Ra6 35. Re1 Ne6 36. Nxe6 Rxe6 37. Bxe6+ Kxe6 38. Rh1 Bc6 39. Rh7 Nc1 40. g4 Nxa2 41. Re7# 1-0

[Event "HUN-ch Rapid 2019"]
[Site "Ajka"]
[Date "2019.07.20"]
[Round "5.19"]
[White "Juhasz, Barbara"]
[Black "Prohaszka, Peter"]
[Result "0-1"]
[ECO "B15"]
[WhiteElo "2171"]
[BlackElo "2598"]
[Annotator "ChessBase"]
[PlyCount "54"]
[EventDate "2019.07.18"]
[EventType "swiss"]
[EventCountry "HUN"]
[SourceTitle "playchess.com"]
[Source "ChessBase"]
[SourceQuality "1"]
[TimeControl "1200+5"]

1. e4 c6 2. d4 d5 3. Nd2 dxe4 4. Nxe4 Nf6 5. Nxf6+ exf6 6. c3 Bf5 7. Ne2 Bd6 8. Ng3 Qe7+ 9. Be3 Be6 10. Bd3 g6 11. Ne4 Bc7 12. O-O Nd7 13. Re1 O-O 14. Bh6 Rfe8 15. Ng3 f5 16. Qd2 Qd6 17. b3 Nf6 18. Bg5 Bd7 19. f3 a5 20. Nf1 Nd5 21. Rad1 a4 22. Rxe8+ Rxe8 23. bxa4 Ba5 24. Rc1 Qa3 25. Bc4 Nxc3 26. Qc2 Qxa4 27. Qb2 Qxc4 0-1

[Event "HUN-ch Rapid 2019"]
[Site "Ajka"]
[Date "2019.07.20"]
[Round "6.3"]
[White "Jakab, Attila"]
[Black "Balog, Imre"]
[Result "1/2-1/2"]
[ECO "D11"]
[WhiteElo "2377"]
[BlackElo "2566"]
[Annotator "ChessBase"]
[PlyCount "77"]
[EventDate "2019.07.18"]
[EventType "swiss"]
[EventCountry "HUN"]
[SourceTitle "playchess.com"]
[Source "ChessBase"]
[SourceQuality "1"]
[TimeControl "1200+5"]

1. d4 d5 2. c4 c6 3. Nf3 Nf6 4. e3 g6 5. Nc3 Bg7 6. Be2 O-O 7. O-O a6 8. b3 Bf5 9. Bb2 Nbd7 10. h3 Re8 11. Re1 Rc8 12. Bd3 Bxd3 13. Qxd3 e6 14. e4 dxe4 15. Nxe4 Nxe4 16. Qxe4 Qa5 17. Re2 Red8 18. Qc2 c5 19. dxc5 Bxb2 20. Qxb2 Qxc5 21. Rd1 Nb8 22. Red2 Nc6 23. Qf6 Rxd2 24. Rxd2 Qf5 25. Qxf5 gxf5 26. Rd7 b5 27. cxb5 axb5 28. Nd4 Nxd4 29. Rxd4 Rc1+ 30. Kh2 Rc2 31. f4 Rxa2 32. Rd8+ Kg7 33. Rb8 h5 34. h4 f6 35. Rxb5 Re2 36. Kg3 e5 37. Kf3 Re1 38. g3 Kg6 39. b4 1/2-1/2

[Event "HUN-ch Rapid 2019"]
[Site "Ajka"]
[Date "2019.07.20"]
[Round "6.6"]
[White "Vertetics, Attila"]
[Black "Marosi, Levente"]
[Result "1-0"]
[ECO "A45"]
[WhiteElo "2438"]
[BlackElo "2225"]
[Annotator "NA"]
[PlyCount "89"]
[EventDate "2019.07.18"]
[EventType "swiss"]
[EventCountry "HUN"]
[SourceTitle "playchess.com"]
[Source "ChessBase"]
[SourceQuality "1"]
[TimeControl "1200+5"]

1. d4 Nf6 2. Bg5 Ne4 3. Bf4 c5 4. f3 Qa5+ 5. c3 Nf6 6. Nd2 cxd4 7. Nb3 Qb6 8. Qxd4 Nc6 9. Qxb6 axb6 10. Nd4 e5 11. Nxc6 exf4 12. Nd4 Bc5 13. Nh3 Bxd4 14. cxd4 Nd5 15. g3 fxg3 16. hxg3 Nb4 17. Kd2 Rxa2 18. Rxa2 Nxa2 19. Nf4 Nb4 20. Rh5 d6 21. Rb5 Nc6 22. e3 Kd8 23. Bc4 f6 24. Rxb6 g5 25. Nh5 Rf8 26. Bd3 h6 27. g4 Kc7 28. Rb5 b6 29. Rb3 d5 30. Ng3 Bd7 31. Ra3 Kb7 32. Ra1 Ne7 33. Rh1 Rh8 34. e4 Kc7 35. Ke3 dxe4 36. Bxe4 Kd6 37. Ra1 Rf8 38. Ra6 Rb8 39. Ra7 Nc8 40. Ra3 Ne7 41. Ra6 Nc8 42. Bf5 Ne7 43. Ne4+ Kc7 44. Ra7+ Rb7 45. Rxb7+ 1-0

[Event "HUN-ch Rapid 2019"]
[Site "Ajka"]
[Date "2019.07.20"]
[Round "6.7"]
[White "Popovics, Adam"]
[Black "Aczel, Gergely"]
[Result "0-1"]
[ECO "E32"]
[WhiteElo "2365"]
[BlackElo "2540"]
[Annotator "ChessBase"]
[PlyCount "90"]
[EventDate "2019.07.18"]
[EventType "swiss"]
[EventCountry "HUN"]
[SourceTitle "playchess.com"]
[Source "ChessBase"]
[SourceQuality "1"]
[TimeControl "1200+5"]

1. d4 Nf6 2. c4 e6 3. Nc3 Bb4 4. Qc2 O-O 5. Nf3 c5 6. a3 Bxc3+ 7. Qxc3 cxd4 8. Nxd4 b6 9. Bg5 Bb7 10. f3 h6 11. Bh4 d5 12. cxd5 Nxd5 13. Bxd8 Nxc3 14. Bh4 Nd5 15. e4 Ne3 16. Bf2 Nxf1 17. Kxf1 Ba6+ 18. Kg1 Rc8 19. h3 e5 20. Nf5 Rc2 21. Ne7+ Kf8 22. Nd5 Bb7 23. Rd1 Bxd5 24. Rxd5 Nc6 25. b4 Rd8 26. Bg3 f6 27. Rxd8+ Nxd8 28. Kh2 Ne6 29. Rd1 Ke7 30. Kg1 Rc3 31. Ra1 Rb3 32. Kf1 a6 33. Be1 Nd4 34. Bf2 b5 35. Ra2 g5 36. Rd2 Rxa3 37. Bxd4 exd4 38. Rxd4 Ra4 39. h4 a5 40. e5 fxe5 41. Rd5 Rxb4 42. hxg5 hxg5 43. Rxe5+ Kf6 44. Rc5 a4 45. Kf2 a3 0-1

[Event "HUN-ch Rapid 2019"]
[Site "Ajka"]
[Date "2019.07.20"]
[Round "6.8"]
[White "Horvath, Adam"]
[Black "Videki, Sandor"]
[Result "1-0"]
[ECO "B61"]
[WhiteElo "2517"]
[BlackElo "2401"]
[Annotator "ChessBase"]
[PlyCount "65"]
[EventDate "2019.07.18"]
[EventType "swiss"]
[EventCountry "HUN"]
[SourceTitle "playchess.com"]
[Source "ChessBase"]
[SourceQuality "1"]
[TimeControl "1200+5"]

1. e4 c5 2. Nf3 d6 3. d4 cxd4 4. Nxd4 Nf6 5. Nc3 Nc6 6. Bg5 Bd7 7. Qd2 Nxd4 8. Qxd4 Qa5 9. Bd2 Rc8 10. Nb5 Qb6 11. Qxb6 axb6 12. Nc3 Bc6 13. f3 e6 14. Be3 d5 15. exd5 Nxd5 16. Nxd5 exd5 17. Bxb6 Bd6 18. Bd4 O-O 19. O-O-O b5 20. c3 b4 21. Kb1 Ba4 22. b3 bxc3 23. Rc1 Bd7 24. Rxc3 Bf5+ 25. Ka1 Rxc3 26. Bxc3 Rc8 27. Bb2 d4 28. Bc4 d3 29. Rd1 Re8 30. a4 d2 31. Bc3 Bf4 32. Kb2 Rd8 33. a5 1-0

[Event "HUN-ch Rapid 2019"]
[Site "Ajka"]
[Date "2019.07.20"]
[Round "6.11"]
[White "Prohaszka, Peter"]
[Black "Kiss, Pal"]
[Result "1-0"]
[ECO "D02"]
[WhiteElo "2598"]
[BlackElo "2278"]
[Annotator "ChessBase"]
[PlyCount "73"]
[EventDate "2019.07.18"]
[EventType "swiss"]
[EventCountry "HUN"]
[SourceTitle "playchess.com"]
[Source "ChessBase"]
[SourceQuality "1"]
[TimeControl "1200+5"]

1. d4 d5 2. Nf3 Nf6 3. g3 c6 4. Bg2 Bg4 5. c4 e6 6. Qb3 Qb6 7. O-O Nbd7 8. Nc3 Be7 9. c5 Qa6 10. Re1 b6 11. cxb6 axb6 12. e4 O-O 13. Bf4 dxe4 14. Nxe4 Nd5 15. Bd6 Bxd6 16. Nxd6 Qa4 17. Qxa4 Rxa4 18. Ne5 Nxe5 19. dxe5 Rfa8 20. a3 b5 21. Rec1 R4a6 22. h3 Be2 23. Rc2 Bd3 24. Rd2 Bg6 25. Rc1 h5 26. Rd4 Rb8 27. Bf3 b4 28. Bxd5 bxa3 29. Be4 axb2 30. Rb1 c5 31. Rd2 Ra1 32. Bxg6 fxg6 33. Rdd1 Ra4 34. Kf1 c4 35. Ne4 Ra3 36. Ke2 c3 37. Kd3 1-0

[Event "HUN-ch Rapid 2019"]
[Site "Ajka"]
[Date "2019.07.20"]
[Round "6.12"]
[White "Nagy, Bence"]
[Black "Dankhazi, Andras"]
[Result "1-0"]
[ECO "C42"]
[WhiteElo "2352"]
[BlackElo "2277"]
[Annotator "NA"]
[PlyCount "91"]
[EventDate "2019.07.18"]
[EventType "swiss"]
[EventCountry "HUN"]
[SourceTitle "playchess.com"]
[Source "ChessBase"]
[SourceQuality "1"]
[TimeControl "1200+5"]

1. e4 e5 2. Nf3 Nf6 3. Nxe5 d6 4. Nf3 Nxe4 5. d4 d5 6. Bd3 Bd6 7. O-O O-O 8. c4 c6 9. Nc3 Nxc3 10. bxc3 dxc4 11. Bxc4 Bf5 12. Bg5 Qa5 13. Bd3 Bxd3 14. Qxd3 Nd7 15. Bh4 Rfe8 16. Bg3 Qc7 17. Rab1 b5 18. c4 bxc4 19. Qxc4 Nb6 20. Qc2 Bxg3 21. hxg3 f6 22. Rb5 Rac8 23. Rc5 Re6 24. Rc1 Rd6 25. Qe4 Qd7 26. Qe2 Qb7 27. a4 Nd5 28. Nd2 Qd7 29. Nc4 Re6 30. Qa2 Kf8 31. Na5 Ne7 32. Qc4 Rd6 33. Nb3 Rd8 34. Ra5 Nc8 35. Ra6 Ne7 36. Nc5 Qf5 37. Rxa7 Qd5 38. Qxd5 Nxd5 39. Rb1 Re8 40. Rbb7 Re7 41. a5 Rxb7 42. Rxb7 Nc3 43. a6 Nb5 44. Rxb5 cxb5 45. a7 Rd8 46. Ne6+ 1-0

[Event "HUN-ch Rapid 2019"]
[Site "Ajka"]
[Date "2019.07.20"]
[Round "6.13"]
[White "Hoang, Thanh Trang"]
[Black "Nemeth, Zoltan"]
[Result "1-0"]
[ECO "A47"]
[WhiteElo "2414"]
[BlackElo "2275"]
[Annotator "NA"]
[PlyCount "87"]
[EventDate "2019.07.18"]
[EventType "swiss"]
[EventCountry "HUN"]
[SourceTitle "playchess.com"]
[Source "ChessBase"]
[SourceQuality "1"]
[TimeControl "1200+5"]

1. d4 Nf6 2. Nf3 b6 3. e3 Bb7 4. Bd3 d6 5. O-O Nbd7 6. Re1 e5 7. e4 Be7 8. d5 O-O 9. c4 a5 10. Nc3 h6 11. Ne2 Nh7 12. Ng3 Bg5 13. Nxg5 hxg5 14. Be2 g6 15. Qc2 Kg7 16. Be3 Rh8 17. b3 Qe7 18. a3 Raf8 19. b4 a4 20. Rac1 Bc8 21. c5 bxc5 22. bxc5 Ndf6 23. Qxa4 g4 24. Qa7 Bd7 25. Qxc7 Ne8 26. Qb7 Qh4 27. Nf1 g3 28. fxg3 Qxe4 29. Qxd7 Nhf6 30. Qc6 Qf5 31. cxd6 Ng4 32. Bxg4 Qxg4 33. d7 Nf6 34. Bc5 Ra8 35. Rxe5 Nxd7 36. Re7 Nxc5 37. Qxc5 Rac8 38. Qf2 Rhf8 39. Rxc8 Qxc8 40. d6 Qc4 41. h4 Qd5 42. Qb2+ Kg8 43. Qf6 Rd8 44. Rxf7 1-0

[Event "HUN-ch Rapid 2019"]
[Site "Ajka"]
[Date "2019.07.20"]
[Round "6.14"]
[White "Bodi, Tibor"]
[Black "Varga, Peter"]
[Result "1/2-1/2"]
[ECO "A06"]
[WhiteElo "2244"]
[BlackElo "2367"]
[Annotator "NA"]
[PlyCount "56"]
[EventDate "2019.07.18"]
[EventType "swiss"]
[EventCountry "HUN"]
[SourceTitle "playchess.com"]
[Source "ChessBase"]
[SourceQuality "1"]
[TimeControl "1200+5"]

1. Nf3 d5 2. b3 c6 3. Bb2 Bg4 4. e3 Nd7 5. d4 e6 6. Be2 Ngf6 7. O-O Be7 8. Nbd2 O-O 9. Ne5 Bxe2 10. Qxe2 Nxe5 11. dxe5 Nd7 12. c4 f6 13. e4 Nxe5 14. exd5 exd5 15. Bxe5 fxe5 16. Qxe5 Bf6 17. Qe6+ Rf7 18. Rad1 Qd7 19. cxd5 cxd5 20. Qxd7 Rxd7 21. Ne4 Rc8 22. Rd2 Kf7 23. g3 Ke6 24. Re1 dxe4 25. Rxe4+ Kf5 26. Rf4+ Ke6 27. Re4+ Kf5 28. Rf4+ Ke5 1/2-1/2

[Event "HUN-ch Rapid 2019"]
[Site "Ajka"]
[Date "2019.07.20"]
[Round "6.15"]
[White "Hardicsay, Peter"]
[Black "Csonka, Balazs"]
[Result "1/2-1/2"]
[ECO "A14"]
[WhiteElo "2185"]
[BlackElo "2472"]
[Annotator "ChessBase"]
[PlyCount "44"]
[EventDate "2019.07.18"]
[EventType "swiss"]
[EventCountry "HUN"]
[SourceTitle "playchess.com"]
[Source "ChessBase"]
[SourceQuality "1"]
[TimeControl "1200+5"]

1. Nf3 Nf6 2. c4 e6 3. g3 d5 4. Bg2 Be7 5. O-O O-O 6. d4 dxc4 7. Ne5 Nc6 8. Nxc6 bxc6 9. Bxc6 Rb8 10. Nc3 Bb7 11. Bxb7 Rxb7 12. e4 c5 13. d5 Rd7 14. Qe2 exd5 15. exd5 Nxd5 16. Nxd5 Rxd5 17. Qxc4 Bf6 18. Rb1 Bd4 19. b4 cxb4 20. Rxb4 Bb6 21. Rb3 Rf5 22. Be3 Bxe3 1/2-1/2

[Event "HUN-ch Rapid 2019"]
[Site "Ajka"]
[Date "2019.07.20"]
[Round "6.16"]
[White "Egresi, Mate"]
[Black "Szalanczi, Emil"]
[Result "1-0"]
[ECO "D90"]
[WhiteElo "2341"]
[BlackElo "2159"]
[Annotator "NA"]
[PlyCount "133"]
[EventDate "2019.07.18"]
[EventType "swiss"]
[EventCountry "HUN"]
[SourceTitle "playchess.com"]
[Source "ChessBase"]
[SourceQuality "1"]
[TimeControl "1200+5"]

1. d4 Nf6 2. c4 g6 3. Nc3 d5 4. Nf3 Bg7 5. h4 h5 6. Bg5 c5 7. dxc5 Qa5 8. cxd5 O-O 9. Rc1 Nbd7 10. Qa4 Qxc5 11. e4 Ng4 12. Nd1 Qd6 13. Qa3 Ndf6 14. Bd3 Bd7 15. Qxd6 exd6 16. O-O Rfc8 17. Ne3 b5 18. Nc2 Rc5 19. Ncd4 Rac8 20. b4 Rc3 21. Rxc3 Rxc3 22. Bxb5 Ra3 23. Bxd7 Nxd7 24. Nb5 Rxa2 25. Nxd6 Bf8 26. Bf4 f6 27. Bg3 Nde5 28. Nxe5 fxe5 29. Nc4 Bxb4 30. Nxe5 Nf6 31. Nd3 Bc3 32. d6 Kf7 33. e5 Nd7 34. Rc1 Bd4 35. Rc7 Ke6 36. Nf4+ Kxe5 37. Rxd7 Kf5 38. Rf7+ Kg4 39. d7 Bb6 40. Ne6 g5 41. hxg5 h4 42. Rf4+ Kh5 43. Rxh4+ Kg6 44. d8=Q Bxd8 45. Nxd8 a5 46. Rh6+ Kxg5 47. Ra6 Kf5 48. Nb7 a4 49. Kh2 a3 50. Bd6 Rxf2 51. Rxa3 Rb2 52. Nc5 Rd2 53. Rd3 Rc2 54. Kh3 Kg6 55. g3 Kg5 56. Rd5+ Kf6 57. Bf4 Kg6 58. Ne4 Re2 59. Nc5 Rc2 60. Kg4 Kf7 61. Ne4 Rh2 62. Kg5 Ke7 63. g4 Ke6 64. Rd6+ Ke7 65. Ra6 Kf7 66. Kf5 Ke7 67. Bxh2 1-0

[Event "HUN-ch Rapid 2019"]
[Site "Ajka"]
[Date "2019.07.20"]
[Round "6.17"]
[White "Emodi, Barnabas"]
[Black "Pasztor, Balazs"]
[Result "1-0"]
[ECO "D26"]
[WhiteElo "2365"]
[BlackElo "1601"]
[Annotator "NA"]
[PlyCount "79"]
[EventDate "2019.07.18"]
[EventType "swiss"]
[EventCountry "HUN"]
[SourceTitle "playchess.com"]
[Source "ChessBase"]
[SourceQuality "1"]
[TimeControl "1200+5"]

1. d4 d5 2. Nf3 Nf6 3. c4 dxc4 4. e3 e6 5. Bxc4 a6 6. a4 c5 7. O-O Nc6 8. Nc3 Bd6 9. Qe2 O-O 10. Rd1 Qc7 11. h3 b6 12. d5 exd5 13. Bxd5 Bb7 14. e4 Rfe8 15. Bg5 Nd4 16. Nxd4 Nxd5 17. Ndb5 axb5 18. Nxd5 Bxd5 19. Rxd5 Rxa4 20. Rxa4 bxa4 21. Qd1 Re6 22. Qxa4 h6 23. Bd2 Be5 24. Qc2 Qe7 25. Be3 Rd6 26. b3 Rxd5 27. exd5 Qf6 28. Qe4 Qd6 29. f4 Bf6 30. Qe8+ Qf8 31. Qc6 Qe7 32. Kf2 Bd4 33. Qc8+ Kh7 34. Bxd4 cxd4 35. Qf5+ g6 36. Qe5 Qc5 37. d6 Qc2+ 38. Kg3 Qxb3+ 39. Kh2 Qa4 40. Qe7 1-0

[Event "HUN-ch Rapid 2019"]
[Site "Ajka"]
[Date "2019.07.20"]
[Round "6.18"]
[White "Bohus, Adam"]
[Black "Farago, Sandor"]
[Result "1-0"]
[ECO "E80"]
[WhiteElo "2219"]
[BlackElo "2210"]
[Annotator "NA"]
[PlyCount "95"]
[EventDate "2019.07.18"]
[EventType "swiss"]
[EventCountry "HUN"]
[SourceTitle "playchess.com"]
[Source "ChessBase"]
[SourceQuality "1"]
[TimeControl "1200+5"]

1. d4 Nf6 2. c4 g6 3. f3 Bg7 4. e4 d6 5. Nc3 Nbd7 6. Be3 e5 7. Nge2 c6 8. Qd2 h5 9. d5 c5 10. Nc1 a6 11. Be2 Ng8 12. O-O Bh6 13. Bxh6 Nxh6 14. Nd3 Qe7 15. b4 cxb4 16. Na4 b6 17. Nxb4 Qd8 18. Nc6 Qc7 19. Qg5 Ng8 20. f4 Bb7 21. f5 Nf8 22. fxg6 Nxg6 23. Bxh5 Rxh5 24. Qxh5 Bxc6 25. dxc6 Nf4 26. Qh7 O-O-O 27. Rab1 Qxc6 28. Nxb6+ Kb8 29. Qxf7 Nh6 30. Nd5+ Kc8 31. Ne7+ Kd7 32. Nxc6+ Nxf7 33. Nxd8 Nxd8 34. Rb6 Nde6 35. Rxa6 Nc5 36. Ra7+ Kc6 37. Rf7 Ne2+ 38. Kh1 Nxe4 39. Re1 N4c3 40. h4 Ng3+ 41. Kh2 Nh5 42. g4 Nf4 43. h5 Kc5 44. Rxf4 exf4 45. h6 f3 46. h7 f2 47. Rf1 Ne4 48. h8=Q 1-0

[Event "HUN-ch Rapid 2019"]
[Site "Ajka"]
[Date "2019.07.20"]
[Round "6.19"]
[White "Borhy, Marcell"]
[Black "Horvath, Tamas"]
[Result "1/2-1/2"]
[ECO "A40"]
[WhiteElo "2382"]
[BlackElo "2306"]
[Annotator "NA"]
[PlyCount "56"]
[EventDate "2019.07.18"]
[EventType "swiss"]
[EventCountry "HUN"]
[SourceTitle "playchess.com"]
[Source "ChessBase"]
[SourceQuality "1"]
[TimeControl "1200+5"]

1. d4 Nf6 2. c4 e6 3. g3 c5 4. Nf3 cxd4 5. Nxd4 Bb4+ 6. Bd2 Qb6 7. Nb3 Ne4 8. e3 Nxd2 9. N1xd2 O-O 10. Bg2 Be7 11. O-O d6 12. Qc2 Nd7 13. Rfd1 Nf6 14. Rac1 Bd7 15. Nd4 a6 16. Qb3 Qxb3 17. N2xb3 Ra7 18. Na5 e5 19. Ne2 Rb8 20. b4 Bg4 21. Kf1 Bd7 22. Nc3 b6 23. Nb3 Rc7 24. Nd5 Nxd5 25. cxd5 Rbc8 26. Rxc7 Rxc7 27. Rc1 Rxc1+ 28. Nxc1 Kf8 1/2-1/2

[Event "HUN-ch Rapid 2019"]
[Site "Ajka"]
[Date "2019.07.20"]
[Round "6.20"]
[White "Medvegy, Zoltan"]
[Black "Margl, Roland"]
[Result "1/2-1/2"]
[ECO "A13"]
[WhiteElo "2539"]
[BlackElo "2264"]
[Annotator "ChessBase"]
[PlyCount "98"]
[EventDate "2019.07.18"]
[EventType "swiss"]
[EventCountry "HUN"]
[SourceTitle "playchess.com"]
[Source "ChessBase"]
[SourceQuality "1"]
[TimeControl "1200+5"]

1. c4 e6 2. g3 d5 3. Bg2 Nf6 4. Nf3 d4 5. O-O Nc6 6. d3 Bc5 7. e4 dxe3 8. Bxe3 Nd4 9. Nbd2 O-O 10. Rb1 a5 11. Re1 Nxf3+ 12. Nxf3 Bxe3 13. fxe3 c5 14. d4 Qc7 15. Qe2 b6 16. e4 cxd4 17. e5 Nd7 18. Nxd4 Bb7 19. Rbd1 Bxg2 20. Kxg2 Rad8 21. Nb5 Qc5 22. b3 a4 23. Rd6 Nb8 24. Qe3 axb3 25. Qxc5 bxc5 26. axb3 Rc8 27. Kf3 Nc6 28. Ke4 Rfd8 29. Ra1 Kf8 30. Ra6 Nb4 31. Ra7 h6 32. Rxd8+ Rxd8 33. Nd6 f5+ 34. Ke3 Nc6 35. Nb7 Rb8 36. Nxc5 Rxb3+ 37. Nxb3 Nxa7 38. h4 g5 39. Nd4 Ke7 40. c5 Kd7 41. hxg5 hxg5 42. Nf3 Kc6 43. Nxg5 Kxc5 44. Kf4 Kd5 45. Nh7 Nc6 46. Nf6+ Kd4 47. Nd7 Kd5 48. Nb6+ Kd4 49. Nd7 Kd5 {Ke4+} 1/2-1/2